 Dungeon Crawl Stone Soup version 0.23.2-33-g5129a83184 (webtiles) character file.

Game seed: 17580401668956675324

287 troglodite the Skirmisher (level 6, -8/53 HPs)
             Began as a Gnoll Wanderer on July 2, 2019.
             Mangled by a crocodile (10 damage)
             ... in a sewer.
             The game lasted 00:08:28 (3784 turns).

troglodite the Skirmisher (Gnoll Wanderer)          Turns: 3784, Time: 00:08:29

Health: -8/53      AC: 11    Str: 14    XL:     6   Next: 30%
Magic:  8/8        EV:  0    Int: 16    God:
Gold:   245        SH: 13    Dex: 15    Spells: 8/8 levels left

rFire    . . .     SeeInvis +   a - +2 dagger
rCold    . . .     Gourm    .   l - +0 large shield
rNeg     + . .     Faith    .   i - +0 plate armour
rPois    .         Spirit   .   (no helmet)
rElec    .         Reflect  .   (no cloak)
rCorr    .         Harm     .   (no gloves)
MR       .....                  (no boots)
Stlth    ..........             (no amulet)
HPRegen  0.17/turn              y - ring of positive energy
MPRegen  0.11/turn              v - ring of see invisible

@: no status effects
A: distributed training, fangs 1, strong nose
a: no special abilities


You were in a sewer.
You were not hungry.

You visited 1 branch of the dungeon, and saw 4 of its levels.
You also visited: Sewer.

You collected 245 gold pieces.

Inventory:

Hand Weapons
 a - a +2 dagger (weapon)
 c - a +0 spear
Missiles
 q - 4 javelins (quivered)
Armour
 i - a +0 plate armour (worn)
 l - a +0 large shield (worn)
Jewellery
 j - an uncursed ring of resist corrosion
 v - a ring of see invisible (right hand)
 y - a ring of positive energy (left hand)
 z - an uncursed ring of ice
Wands
 u - a wand of digging (2)
Scrolls
 e - a scroll of fear {unknown}
 g - 6 scrolls of identify {unknown}
 k - a scroll of noise {unknown}
 m - 2 scrolls of teleportation {unknown}
 n - a scroll of blinking {unknown}
 r - 2 scrolls of immolation {unknown}
 s - a scroll of fog {unknown}
Potions
 b - a potion of berserk rage
 d - a potion of lignification
 h - a potion of magic {unknown}
 o - a potion of agility {unknown}
 p - 3 potions of curing {unknown}
 t - a potion of haste {unknown}
 w - a potion of cancellation {unknown}
Comestibles
 f - 5 rations
 x - 2 chunks of flesh


   Skills:
 + Level 6.8 Fighting
 + Level 1.8 Short Blades
 + Level 1.8 Long Blades
 + Level 1.8 Axes
 + Level 1.8 Maces & Flails
 + Level 1.8 Polearms
 + Level 1.8 Staves
 + Level 1.8 Slings
 + Level 1.8 Bows
 + Level 1.8 Crossbows
 + Level 1.8 Throwing
 + Level 3.2 Armour
 + Level 3.2 Dodging
 + Level 6.2 Stealth
 + Level 3.2 Shields
 + Level 3.2 Unarmed Combat
 + Level 1.8 Spellcasting
 + Level 1.4 Conjurations
 + Level 1.4 Hexes
 + Level 1.4 Charms
 + Level 1.4 Summonings
 + Level 1.4 Necromancy
 + Level 1.4 Translocations
 + Level 1.4 Transmutations
 + Level 1.4 Fire Magic
 + Level 1.4 Ice Magic
 + Level 1.4 Air Magic
 + Level 1.4 Earth Magic
 + Level 1.4 Poison Magic
 + Level 2.0 Invocations
 + Level 1.8 Evocations


You had 8 spell levels left.
You didn't know any spells.
Your spell library was empty.

Dungeon Overview and Level Annotations

Branches:
Dungeon (4/15)
 Temple: D:4-7

Altars:


Innate Abilities, Weirdness & Mutations

Your experience applies equally to all skills.
You have very sharp teeth.
Your uncanny sense of smell can sniff out nearby items.


Message History

The crocodile bites you!
* * * LOW HITPOINT WARNING * * *
You closely miss the crocodile.
The crocodile is heavily wounded.
The crocodile bites you but does no damage.
You hit the crocodile.
The crocodile is severely wounded.
You block the crocodile's attack.
You hit the crocodile.
The crocodile is severely wounded.
You block the crocodile's attack.
The crocodile bites you but does no damage.
You hit the crocodile.
The crocodile is severely wounded.
The crocodile bites you!
* * * LOW HITPOINT WARNING * * *
You hit the crocodile but do no damage.
The crocodile is severely wounded.
The crocodile bites you!
You die...

$......
!$.....############
$[.................
[$.....####.#######
$...... #.# #.....#
#.# ###### #.# #t#
#@# ##.## ##...##
##.....## #...≈...#
#..≈≈≈..# #.≈≈≈≈≈.#
#..≈≈≈..# #...≈...#


You could see a crocodile.

Vanquished Creatures
  A scorpion (D:4)
  An orc priest (D:4)
  An orc wizard (D:4)
  6 adders
  An ooze (D:1)
  2 worms (D:3)
  3 dart slugs
  5 leopard geckos
  8 orcs
  7 giant cockroaches
  6 goblins
  5 hobgoblins
  9 jackals
  A quokka (D:2)
  20 bats
  2 frilled lizards
  11 kobolds
  10 rats
99 creatures vanquished.

Notes
Turn   | Place    | Note
-------+----------+-------------------------------------------
     0 | D:1      | troglodite the Gnoll Wanderer began the quest for the Orb.
     0 | D:1      | troglodite set off with the following items: a +2 dagger, a
                  | potion of berserk rage, a +0 spear, a potion of
                  | lignification, a +0 robe, a ration
     0 | D:1      | Reached XP level 1. HP: 23/23 MP: 1/1
   484 | D:1      | Reached XP level 2. HP: 22/29 MP: 2/2
   774 | D:1      | Reached XP level 3. HP: 34/35 MP: 3/3
  1103 | D:2      | Reached skill level 1 in Invocations
  1301 | D:2      | Reached skill level 1 in Short Blades
  1301 | D:2      | Reached skill level 1 in Long Blades
  1301 | D:2      | Reached skill level 1 in Axes
  1301 | D:2      | Reached skill level 1 in Maces & Flails
  1301 | D:2      | Reached skill level 1 in Polearms
  1301 | D:2      | Reached skill level 1 in Staves
  1301 | D:2      | Reached skill level 1 in Slings
  1301 | D:2      | Reached skill level 1 in Bows
  1301 | D:2      | Reached skill level 1 in Crossbows
  1301 | D:2      | Reached skill level 1 in Throwing
  1301 | D:2      | Reached skill level 1 in Spellcasting
  1301 | D:2      | Reached skill level 1 in Evocations
  1367 | D:2      | Reached XP level 4. HP: 41/41 MP: 5/5
  2219 | D:3      | Reached skill level 1 in Conjurations
  2219 | D:3      | Reached skill level 1 in Hexes
  2219 | D:3      | Reached skill level 1 in Charms
  2219 | D:3      | Reached skill level 1 in Summonings
  2219 | D:3      | Reached skill level 1 in Necromancy
  2219 | D:3      | Reached skill level 1 in Translocations
  2219 | D:3      | Reached skill level 1 in Transmutations
  2219 | D:3      | Reached skill level 1 in Fire Magic
  2219 | D:3      | Reached skill level 1 in Ice Magic
  2219 | D:3      | Reached skill level 1 in Air Magic
  2219 | D:3      | Reached skill level 1 in Earth Magic
  2219 | D:3      | Reached skill level 1 in Poison Magic
  2412 | D:3      | Reached XP level 5. HP: 41/47 MP: 6/6
  3489 | D:4      | Reached XP level 6. HP: 40/53 MP: 8/8
  3581 | D:4      | Found a glowing drain.
  3681 | Sewer    | Entered a sewer
  3783 | Sewer    | HP: 2/53 [crocodile (11)]
  3784 | Sewer    | Mangled by a crocodile

Skill      XL: |  1  2  3  4  5 |
---------------+----------------+-----
Stealth        | 6 |  6.2
Invocations    | 1 2 |  2.0
Short Blades   | 1 |  1.8
Long Blades    | 1 |  1.8
Axes           | 1 |  1.8
Maces & Flails | 1 |  1.8
Polearms       | 1 |  1.8
Staves         | 1 |  1.8
Slings         | 1 |  1.8
Bows           | 1 |  1.8
Crossbows      | 1 |  1.8
Throwing       | 1 |  1.8
Spellcasting   | 1 |  1.8
Evocations     | 1 |  1.8
Conjurations   | 1 |  1.4
Hexes          | 1 |  1.4
Charms         | 1 |  1.4
Summonings     | 1 |  1.4
Necromancy     | 1 |  1.4
Translocations | 1 |  1.4
Transmutations | 1 |  1.4
Fire Magic     | 1 |  1.4
Ice Magic      | 1 |  1.4
Air Magic      | 1 |  1.4
Earth Magic    | 1 |  1.4
Poison Magic   | 1 |  1.4
Armour         | 3 |  3.2
Dodging        | 3 |  3.2
Shields        | 3 |  3.2
Unarmed Combat | 3 |  3.2
Fighting       | |  6.8

Action                   |  1- 3 |  4- 6 || total
-------------------------+-------+-------++-------
Melee: Dagger            |   146 |   378 ||   524
       Bite              |    11 |    25 ||    36
       Punch             |     3 |       ||     3
 Stab: Sleeping          |     3 |       ||     3
  Eat: Chunk             |     2 |     8 ||    10
Armor: Robe              |     7 |       ||     7
       Plate armour      |    69 |   233 ||   302
Dodge: Dodged            |    57 |     7 ||    64
Block: Large shield      |    36 |   293 ||   329
